 Dungeon Crawl Stone Soup version 0.30-a0-989-g0d87f670db (webtiles) character file.

Game seed: 7923447637074256494

7152 NinjaNoafa the Thaumaturge (level 11, -6/85 HPs)
             Began as a Djinni Conjurer on Apr 3, 2023.
             Was a Believer of Makhleb.
             Mangled by a killer bee (8 damage)
             ... on level 9 of the Dungeon.
             The game lasted 00:23:57 (7804 turns).

NinjaNoafa the Thaumaturge (Djinni Conjurer)        Turns: 7804, Time: 00:23:57

Health: -6/85      AC:  7    Str:  6    XL:     11   Next: 31%
Gold:   464        EV: 12    Int: 24    God:    Makhleb [**....] SH:  0 Dex: 12

rFire   + + +      SeeInvis .    l - +0 mace "Fytzi" {antimagic, Fragile +Blink rElec rN+}
rCold   . . .      Faith    .    (no shield)
rNeg    + . .      Spirit   .    H - +3 leather armour {rF+}
rPois   ∞          Reflect  .    (no helmet)
rElec   +          Rampage  .    o - scarf {rC+ rF+}
rCorr   +                        P - +0 pair of gloves
Will    ++...                    (boots unavailable)
Stlth   +                        (no amulet)
HPRegen 0.34/turn                N - ring of willpower
MPRegen 0.00/turn                t - ring of resist corrosion

@: flying
A: sickness immunity, fire resistance 2, cold vulnerability 1, float, innate
caster, HP casting, extra vitality 1
a: Renounce Religion, Evoke Blink, Minor Destruction


You were on level 9 of the Dungeon.
You worshipped Makhleb.
Makhleb was pleased with you.
You visited 2 branches of the dungeon, and saw 10 of its levels.
You also visited: Sewer.

You collected 464 gold pieces.

Inventory:

Hand Weapons
 e - a +0 short sword
 l - the +0 mace "Fytzi" (weapon) {antimagic, Fragile +Blink rElec rN+}
   (You took it off a hobgoblin on level 2 of the Dungeon)

   rElec:     It insulates you from electricity.
   rN:        It protects you from negative energy.
   +Blink:    It lets you blink.
   Fragile:   It will be destroyed if unequipped.
Missiles
 b - 21 poisoned darts
 F - 2 throwing nets
 G - 2 boomerangs
Armour
 o - a scarf of resistance (worn)
 H - a +3 leather armour of fire resistance (worn)
 P - a +0 pair of gloves (worn)
Magical Staves
 K - a staff of earth
 L - the staff of fire "Muuc" {rElec rF+ Will+ Dex+3}
   (You found it on level 7 of the Dungeon)

   [staff of fire]

   Your inability to study Fire Magic prevents you from drawing on the full
   power of this staff in melee.
   Base accuracy: +5 Base damage: 5 Base attack delay: 1.2 This weapon's minimum
   attack delay (0.6) is reached at skill level 12.
   Dex:       It affects your dexterity (+3).
   rF:        It protects you from fire.
   rElec:     It insulates you from electricity.
   Will:      It increases your willpower.
   It falls into the 'Staves' category.
   It is a one-handed weapon.
 M - the staff of air "Usyleit" {rElec rF- rCorr Str+3}
   (You found it on level 7 of the Dungeon)

   [staff of air]

   Your inability to study Air Magic prevents you from drawing on the full power
   of this staff in melee.
   Base accuracy: +5 Base damage: 5 Base attack delay: 1.2 This weapon's minimum
   attack delay (0.6) is reached at skill level 12.
   Str:       It affects your strength (+3).
   rF:        It makes you vulnerable to fire.
   rElec:     It insulates you from electricity.
   rCorr:     It protects you from acid and corrosion.
   It falls into the 'Staves' category.
   It is a one-handed weapon.
Jewellery
 t - a ring of resist corrosion (right hand)
 N - a ring of willpower (left hand)
Wands
 a - a wand of polymorph (10)
 c - a wand of iceblast (6)
 y - a wand of acid (4)
 Q - a wand of mindburst (4)
Scrolls
 d - 3 scrolls of silence
 f - 2 scrolls of magic mapping {unknown}
 g - 5 scrolls of blinking
 i - a scroll of vulnerability {unknown}
 j - 2 scrolls of noise {unknown}
 m - a scroll of enchant armour {unknown}
 n - 2 scrolls of enchant weapon {unknown}
 p - 2 scrolls of immolation {unknown}
 q - 2 scrolls of fear {unknown}
 u - a scroll of fog {unknown}
 w - 7 scrolls of teleportation
 J - 2 scrolls of poison {unknown}
 O - a scroll of amnesia {unknown}
Potions
 h - 2 potions of haste
 r - 2 potions of flight
 s - a potion of brilliance
 v - 3 potions of cancellation
 x - a potion of lignification
 z - 2 potions of invisibility
 A - a potion of magic {unknown}
 B - a potion of might {unknown}
 C - a potion of berserk rage {unknown}
 D - a potion of attraction {unknown}
 E - a potion of mutation {unknown}
 I - 2 potions of curing


   Skills:
 - Level 10.0 Fighting
 - Level 4.0 Dodging
 - Level 1.5 Stealth
 - Level 10.0 Spellcasting
 + Level 3.9 Invocations
 + Level 2.8 Evocations


You knew the following spells:

 Your Spells              Type           Power      Damage    Failure   Level
a - Call Canine Familiar  Summ           56%        N/A       1%          3
b - Searing Ray           Conj           100%       2d8       1%          2
c - Anguish               Hex/Necr       28%        N/A       1%          4
d - Fulminant Prism       Conj/Hex       28%        3d14      1%          4
e - Gell's Gravitas       Tloc           56%        N/A       1%          3
f - Foxfire               Conj/Fire      100%       2x1d6     1%          1
g - Momentum Strike       Conj/Tloc      100%       3d10      1%          2
h - Iskenderun's Mystic   Conj/Tloc      56%        2d12      1%          4
i - Magic Dart            Conj           100%       1d8       1%          1
j - Dazzling Flash        Conj/Hex       100%       N/A       1%          3
Your spell library was empty.

Dungeon Overview and Level Annotations

Branches:
Dungeon (9/15)             Temple (1/1) D:5            Lair (0/5) D:8
  Sewer (visited)
    Orc: D:9-12

Altars:
Ashenzari
Cheibriados
Dithmenos
Elyvilon
Fedhas
Gozag
Hepliaklqana
Makhleb
Nemelex Xobeh
Okawaru
Qazlal
Ru
Trog
Uskayaw
Wu Jian
Xom
Yredelemnul
Zin
The Shining One

Shops:
D:1 !   D:4 *


Innate Abilities, Weirdness & Mutations

You are immune to sickness and miasma.
You are immune to poison.
Your flesh is very heat resistant. (rF++)
You are vulnerable to cold. (rC-)
You float through the air rather than walking.
You learn spells naturally, not from books.
Your magical power is your life essence.
You have superior vitality. (+4 MHP)


Message History

The mystic blast hits the killer bee!
You kill the killer bee!
Makhleb accepts your kill.
You feel better.
The mystic blast hits the killer bee!
You kill the killer bee!
Makhleb accepts your kill.
You feel better.
* * * LOW HITPOINT WARNING * * *
You hear a shout!
A nearby demonic plant withers and dies. x2
Training target 4.0 for Dodging reached!
Your Dodging skill increases to level 4!
Unknown command.
Aiming: Minor Destruction (3% risk of failure)
Press: ? - help, Q - select action, (/) - cycle Shift-Dir - straight line, f - killer bee
Aim: a killer bee The glob of acid hits the killer bee!
The killer bee is almost dead.
A nearby demonic plant withers and dies. x2
The killer bee barely misses you.
Aiming: Minor Destruction (3% risk of failure)
Press: ? - help, Q - select action, (/) - cycle Shift-Dir - straight line, f/p - killer bee
Aim: a killer bee (almost dead)
The puff of flame misses the killer bee.
The killer bee barely misses you. The killer bee stings you!
* * * LOW HITPOINT WARNING * * *
Aiming: Minor Destruction (3% risk of failure)
Press: ? - help, Q - select action, (/) - cycle Shift-Dir - straight line, f/p - killer bee
Aim: a killer bee (almost dead)
The glob of acid misses the killer bee.
The killer bee barely misses you. The killer bee stings you.
* * * LOW HITPOINT WARNING * * *
Aiming: Minor Destruction (3% risk of failure)
Press: ? - help, Q - select action, (/) - cycle Shift-Dir - straight line, f/p - killer bee
Aim: a killer bee (almost dead)
The puff of flame misses the killer bee.
The killer bee stings you!
* * * LOW HITPOINT WARNING * * *
The killer bee stings you!
You die...

.......# .......#
## ....#... #..
..#.....###..#####
#####....#.......#
#.......#
........#
........#
......y@#
##.♣♣...# #..P..##
#..♣.. ## ###


You could see a killer bee.

Vanquished Creatures
  A two-headed ogre (D:8)
  A death knight (D:9)
  A deep elf pyromancer (D:9)
  A gargoyle (D:8)
  An efreet (D:7)
  Eustachio (D:5)
  A wraith (D:8)
  7 yaks (D:9)
  Menkaure (D:4)
  A water moccasin (D:7)
  2 ice beasts
  A black bear (D:4)
  An orc warrior (D:8)
  2 centaurs
  2 phantoms
  3 kobold brigands
  Blork the orc (D:5)
  A gnoll sergeant (D:5)
  A bullfrog (D:6)
  4 scorpions
  3 wights (D:8)
  4 killer bees (D:9)
  3 howler monkeys
  An electric eel (D:8)
  A hound (D:4)
  2 jellies (D:7)
  A gnoll bouda (D:7)
  An orc priest (D:4)
  An iguana (D:5)
  A sleepcap (D:5)
  Crazy Yiuf (D:7)
  Ijyb (D:5)
  3 orc wizards
  4 gnolls (D:5)
  15 adders
  5 river rats
  3 white imps
  An ufetubus (D:5)
  A worm (D:1)
  3 dart slugs
  15 orcs
  10 ball pythons
  9 endoplasms
  6 giant cockroaches
  5 goblins
  9 hobgoblins
  12 jackals
  3 quokkas
  5 bats
  12 frilled lizards
  A goblin skeleton (D:7)
  A hobgoblin zombie (D:7)
  19 kobolds
  A kobold zombie (D:7)
  3 orc zombies (D:7)
  13 rats
  A butterfly (D:1)
214 creatures vanquished.

Vanquished Creatures (collateral kills)
  A spriggan (shapeshifter) (D:7)
  A steam dragon (D:7)
  A water moccasin (D:7)
  A sky beast (D:7)
  A centaur (D:6)
  A phantom (D:6)
  2 bullfrogs (D:7)
  A wight (D:8)
  A hound (D:5)
  An orc priest (D:8)
  An iron imp (D:7)
  2 orc wizards
  4 orcs
  A goblin zombie (D:7)
  A kobold skeleton (D:7)
  2 orc skeletons (D:7)
  6 foxfires (Sewer)
28 creatures vanquished.

Vanquished Creatures (others)
  7 demonic plants (D:9)
  381 foxfires
  A fulminant prism (D:5)
  5 plants (Sewer)
394 creatures vanquished.

Grand Total: 636 creatures vanquished

Notes
Turn   | Place    | Note
-------+----------+-------------------------------------------
     0 | D:1      | NinjaNoafa the Djinni Conjurer began the quest for the Orb.
     0 | D:1      | NinjaNoafa set off with the following spells memorised:
                  | Magic Dart, Searing Ray, Dazzling Flash, Fulminant Prism,
                  | Iskenderun's Mystic Blast.
     0 | D:1      | Reached XP level 1. HP: 15/15 MP: 0/0
     3 | D:1      | Found a runed translucent door.
    59 | D:1      | Reached XP level 2. HP: 1/22 MP: 0/0
   223 | D:1      | Reached skill level 1 in Fighting
   315 | D:1      | Reached XP level 3. HP: 25/27 MP: 0/0
   315 | D:1      | Learned a level 1 spell: Foxfire
   448 | D:1      | Found Buchux's Distillery.
   706 | D:2      | Identified the +0 mace "Fytzi" {antimagic, Fragile +Blink
                  | rElec rN+}
   737 | D:2      | Reached XP level 4. HP: 30/33 MP: 0/0
  1101 | D:3      | Reached XP level 5. HP: 37/38 MP: 0/0
  1101 | D:3      | Learned a level 2 spell: Momentum Strike
  1887 | D:4      | Reached XP level 6. HP: 31/45 MP: 0/0
  1899 | D:4      | Found a sacrificial altar of Ru.
  1915 | D:4      | Noticed a black bear
  1927 | D:4      | Found Nuaf's General Store.
  1975 | D:4      | Found a stormy altar of Qazlal.
  2061 | D:4      | Found a blossoming altar of Fedhas.
  2122 | D:4      | Noticed Menkaure
  2131 | D:4      | Killed Menkaure
  2132 | D:4      | Reached skill level 5 in Spellcasting
  2198 | D:4      | HP: 2/46 [ball python (1)]
  2235 | D:4      | Found a glowing drain.
  2253 | Sewer    | Entered a sewer
  2430 | Sewer    | Reached XP level 7. HP: 32/50 MP: 0/0
  2430 | Sewer    | Learned a level 3 spell: Gell's Gravitas
  3274 | D:4      | Reached XP level 8. HP: 51/58 MP: 0/0
  3515 | D:5      | Entered Level 5 of the Dungeon
  3518 | D:5      | Noticed Blork the orc
  3530 | D:5      | Killed Blork the orc
  3531 | D:5      | Reached skill level 5 in Fighting
  3702 | D:5      | Found a staircase to the Ecumenical Temple.
  3716 | Temple   | Entered the Ecumenical Temple
  3794 | Temple   | Became a worshipper of Makhleb the Destroyer
  3821 | D:5      | Noticed Ijyb
  3877 | D:5      | Killed Ijyb
  3947 | D:5      | Found a sparkling altar of Nemelex Xobeh.
  4010 | D:5      | Noticed Eustachio
  4023 | D:5      | Found a white marble altar of Elyvilon.
  4059 | D:5      | HP: 3/60 [bat[Eustachio] (1)]
  4359 | D:5      | Reached XP level 9. HP: 33/66 MP: 0/0
  4359 | D:5      | Learned a level 3 spell: Call Canine Familiar
  4468 | D:5      | Killed Eustachio
  4716 | D:6      | Reached * piety under Makhleb
  4769 | D:6      | Found a basalt altar of Yredelemnul.
  4771 | D:6      | Found a broken altar of Ashenzari.
  5530 | D:7      | Found a runed translucent door.
  5531 | D:7      | Noticed Crazy Yiuf
  5646 | D:7      | Found a glowing golden altar of the Shining One.
  5827 | D:7      | Noticed a polar bear
  5827 | D:7      | Found the +5 Lochaber axe {reach-cleave, Poleaxe Drain}
  5846 | D:7      | a polar bear changed into a spriggan
  5880 | D:7      | Noticed an efreet
  5888 | D:7      | Killed an efreet
  5900 | D:7      | Identified the staff of fire "Muuc" {rElec rF+ Will+ Dex+3}
  5904 | D:7      | Identified the staff of air "Usyleit" {rElec rF- rCorr
                  | Str+3}
  5905 | D:7      | Identified the +4 morningstar "Viemal" {antimagic, rF+ rN+
                  | Will+ Dex+3}
  5914 | D:7      | Reached XP level 10. HP: 25/75 MP: 0/0
  6679 | D:7      | Killed Crazy Yiuf
  6928 | D:8      | Found a shimmering altar of Xom.
  6928 | D:8      | Found a shimmering altar of Xom.
  6928 | D:8      | Found a shimmering altar of Xom.
  6941 | D:8      | Found a shimmering altar of Xom.
  7112 | D:8      | Noticed a gargoyle
  7138 | D:8      | Killed a gargoyle
  7156 | D:8      | Found a staircase to the Lair.
  7162 | D:8      | Noticed a two-headed ogre
  7170 | D:8      | Killed a two-headed ogre
  7171 | D:8      | Reached skill level 10 in Spellcasting
  7367 | D:9      | Noticed a death knight
  7367 | D:9      | Noticed a deep elf pyromancer
  7394 | D:9      | Killed a deep elf pyromancer
  7402 | D:9      | Killed a death knight
  7403 | D:9      | Reached skill level 10 in Fighting
  7403 | D:9      | Reached XP level 11. HP: 20/85 MP: 0/0
  7403 | D:9      | Learned a level 4 spell: Anguish
  7568 | D:9      | Reached ** piety under Makhleb
  7569 | D:9      | Reached skill level 1 in Evocations
  7779 | D:9      | Noticed a seven-headed hydra
  7788 | D:9      | HP: 4/85 [killer bee (2)]
  7804 | D:9      | HP: 2/85 [killer bee (7)]
  7804 | D:9      | Mangled by a killer bee

Illustrated notes

Levels and vault maps discovered:
D:1:      dpeg_arrival_caged_fury, layout_rooms, serial_shops,
          nicolae_lakefront_shop, hangedman_glass_garden,
          chequers_serial_rivers_micro_b
D:2:      layout_basic, minmay_randomly_rotated_circles
D:3:      layout_basic, serial_bayou_crossing
D:4:      layout_gridville, nicolae_ru_great_annihilating_truth,
          nicolae_qazlal_general_emergency, nicolae_overflow_hidden_temple,
          serial_shops, shop, portal_sewer_entry_a, uniq_menkaure
D:5:      layout_basic, mainiacjoe_overflow_chevrons,
          nemelex_diamond_rough_becter, minmay_temple_entry_statues,
          nicolae_half_adder, uniq_blork_the_orc, uniq_eustachio, uniq_ijyb
D:6:      layout_loops_cross, grunt_temple_overflow_open,
          nicolae_fountain_basement
D:7:      minmay_the_grid_four_pointed_star [minmay_the_grid_triangle_9x9_cache,
          minmay_the_grid_triangle_9x9_odd_lines,
          minmay_the_grid_triangle_9x9_impossible_snake,
          minmay_the_grid_triangle_9x9_longest,
          minmay_the_grid_prize_diamond_cup], layout_loops_corners,
          nicolae_tso_besieged_by_evil, kennysheep_cluttered_room,
          hangedman_abyss_or_decor_stagger, uniq_crazy_yiuf_cottage
D:8:      layout_basic, xom_shifter_show, lair_entry_dummy
D:9:      minmay_diamond_stairs, layout_rooms, serial_demonic, serial_demonic_b,
          serial_demonic_g, serial_demonic_b, serial_demonic_g,
          serial_demonic_e, serial_demonic_g, hangedman_decor_riveting,
          grunt_ministairs_7
Temple:   nicolae_temple_ecumenical_triangle

Skill      XL: |  1  2  3  4  5  6  7  8  9 10 11 |
---------------+----------------------------------+-----
Fighting       | 1 2 3 4 5 7 10 | 10.0
Spellcasting   | 4 5 6 7 8 10 | 10.0
Invocations    | 2 3 |  3.9
Evocations     | 2 |  2.8
Dodging        | 4 |  4.0
Stealth        | |  1.5

Action                     |  1- 3 |  4- 6 |  7- 9 | 10-12 || total
---------------------------+-------+-------+-------+-------++-------
  Melee: Dagger            |     5 |       |       |       ||     5
         Short sword       |     1 |       |       |       ||     1
         Mace              |       |       |    12 |     7 ||    19
         Unarmed           |       |       |     5 |       ||     5
         Punch             |       |       |       |     1 ||     1
   Cast: Magic Dart        |    34 |       |     6 |       ||    40
         Searing Ray       |     8 |    20 |     7 |     7 ||    42
         Foxfire           |     4 |    77 |   117 |    40 ||   238
         Momentum Strike   |       |     5 |    29 |    15 ||    49
         Gell's Gravitas   |       |       |     9 |     9 ||    18
         Iskenderun's Myst |       |       |    11 |    23 ||    34
         Fulminant Prism   |       |       |     1 |       ||     1
         Call Canine Famil |       |       |    13 |     7 ||    20
         Anguish           |       |       |       |     3 ||     3
 Invoke: Minor Destruction |       |       |       |     7 ||     7
Ability: Evoke Blink       |       |       |       |     2 ||     2
    Use: Potion            |       |       |     6 |     2 ||     8
         Scroll            |       |       |       |     9 ||     9
   Stab: Sleeping          |     1 |       |       |       ||     1
 Armour: Robe              |     7 |     5 |    32 |       ||    44
         Leather armour    |       |       |     1 |    15 ||    16
  Dodge: Dodged            |    14 |    42 |   101 |    40 ||   197

Table legend: (Time is in decaauts)
 A = Elapsed time spent in this place.
 B = Non-inter-level travel time spent in this place.
 C = Inter-level travel time spent in this place.
 D = Time resting spent in this place.
 E = Time spent auto-exploring this place.
 F = Levels seen in this place.
 G = Mean time per level.
                   A        B        C        D        E       F      G
               +--------+--------+--------+--------+--------+-----+--------+
         Total |   7773 |   7096 |    677 |    860 |   4455 |  11 |  706.6 |
       Dungeon |   7092 |   6428 |    664 |    726 |   4109 |   9 |  788.0 |
        Temple |     91 |     78 |     13 |      0 |     17 |   1 |   91.0 |
         Sewer |    589 |    589 |      0 |    134 |    329 |   1 |  589.0 |
               +--------+--------+--------+--------+--------+-----+--------+

Top non-repeatable levels by time:
     D:4: 1377 daAuts
     D:7: 1343 daAuts
     D:8: 866 daAuts
     D:3: 801 daAuts
     D:5: 724 daAuts
     D:6: 716 daAuts
   Sewer: 589 daAuts
     D:1: 578 daAuts
     D:2: 492 daAuts
     D:9: 192 daAuts
  Temple: 91 daAuts
